 Dungeon Crawl Stone Soup version bcrawl-1.37.2 (webtiles) character file.

Game seed: 11827611829133620301

198990 Mehrunes the Skirmisher (level 8, 0/53 HPs)
             Began as an Avariel Wizard on Nov 1, 2022.
             Was an Initiate of Sif Muna.
             Slain by an acid dragon (7 damage)
             ... on level 5 of the Dungeon.
             The game lasted 00:11:20 (6158 turns).

Mehrunes the Skirmisher (Avariel Wizard)            Turns: 6158, Time: 00:11:20

Health: 0/53       AC: -1    Str:  5    XL:     8   Next: 52%
Magic:  17/17      EV: 13    Int: 27    God:    Sif Muna [......]
Gold:   438        SH:  0    Dex: 11    Spells: 6/17 levels left

rFire    . . .     GDR:     23% q - +1 dagger (drain)
rCold    . . .     SeeInvis .   (no shield)
rNeg     . . .     Gourm    .   b - +0 robe
rPois    .         Faith    .   c - +0 hat
rElec    .         Spirit   .   (no cloak)
rCorr    .         Reflect  .   (no gloves)
MR       .....                  t - +0 pair of boots
Stlth    ++........             (no amulet)
HPRegen  0.18/turn              (no ring)
MPRegen  0.15/turn              (no ring)

@: corroded
A: no striking features
a: Divine Energy, Renounce Religion


You were on level 5 of the Dungeon.
You worshipped Sif Muna.
Sif Muna was noncommittal.
You were not hungry.

You visited 2 branches of the dungeon, and saw 6 of its levels.

You collected 438 gold pieces.

Inventory:

Hand Weapons
 a - a +0 staff
 q - a +1 dagger of draining (weapon)
Missiles
 s - 70 poisoned tomahawks (quivered)
Armour
 b - a +0 robe (worn)
 c - a +0 hat (worn)
 t - a +0 pair of boots (worn)
 w - a +0 pair of boots
Jewellery
 n - an uncursed amulet of the acrobat
Wands
 d - a wand of digging (6)
 p - a wand of disintegration (19)
 u - a wand of scattershot (1)
 x - a wand of random effects (11)
Scrolls
 g - 4 scrolls of amnesia {unknown}
 h - a scroll of enchant weapon {unknown}
 i - 12 scrolls of identify
 l - 2 scrolls of teleportation {unknown}
 m - a scroll of remove curse {unknown}
 r - 3 scrolls of enchant armour {unknown}
 v - a scroll of magic mapping {unknown}
 y - a scroll of blinking {unknown}
Potions
 f - 2 potions of brilliance
 j - a potion of lignification {unknown}
 k - a potion of degeneration {unknown}
 o - a potion of might {unknown}
Comestibles
 e - 10 rations {!d}
 z - a chunk of flesh


   Skills:
 - Level 7.1 Fighting
 + Level 3.3 Dodging
 - Level 2.1 Stealth
 - Level 5.0 Spellcasting
 - Level 6.0 Conjurations
 - Level 3.0 Summonings
 - Level 0.8 Translocations


You had 6 spell levels left.
You knew the following spells:

 Your Spells              Type           Power        Failure   Level  Hunger
a - Magic Dart            Conj           ####         1%          1    None
b - Conjure Flame         Conj/Fire      ###.....     6%          3    ###....
c - Mephitic Cloud        Conj/Pois/Air  ###.....     10%         3    ###....
d - Blink                 Tloc           N/A          8%          2    None
e - Call Imp              Summ           ###...       3%          2    None

Your spell library contained the following spells:

 Spells                   Type           Power        Failure   Level  Hunger
 Spider Form              Tmut/Pois      #..          22%         3    ###....


Dungeon Overview and Level Annotations

Branches:
Dungeon (5/12)             Temple (1/1) D:5

Altars:
Cheibriados
Dithmenos
Lugonu
Makhleb
Nemelex Xobeh
Sif Muna
Trog
The Shining One

Annotations:
D:1 1 exclusion
D:2 1 exclusion


Message History

The hippogriff barely misses you.
Evoke which item? (* to show all) (? for menu, Esc to quit)
Aiming: Scattershot
Press: ? - help, Shift-Dir - straight line, f/p - hippogriff
Aim: a hippogriff (moderately wounded)
The burst of metal fragments hits the hippogriff! x4
You kill the hippogriff!
Sif Muna accepts your kill.
Training target 3.0 for Summonings reached!
Your Summonings skill gained 2 levels and is now at level 3!
You need to enable at least one skill for training.
Your Dodging skill increases to level 3!
Evoke which item? (* to show all) (? for menu, Esc to quit)
Aiming: Scattershot
Press: ? - help, Shift-Dir - straight line, f - acid dragon
Aim: an acid dragon (catching its breath)
The burst of metal fragments hits the acid dragon. x2
The acid dragon is lightly wounded.
The acid dragon bites you!
You die...

##.######..#..#..#####........###
####......#..#......#.........##
##..#......#..#......#..........#
#...#..#####..#####..#...........
#...#......#..#......#.<.........
##..#......#..#......#...........
##..#####..#.)#..#####...........
##..#...#..#..#..#..[#...........
....#.8.#..#..#.@#...#...........
.#..#...)..#..#..D..%#...........
.##.########..########...........
###..............................
# #..............................
#....................[.........
####.............................
.###.............................
..(........).....................


You could see an acid dragon.

Vanquished Creatures
  A hippogriff (D:5)
  Sigmund (D:3)
  A sky beast (D:5)
  An ogre (D:4)
  Blork the orc (D:5)
  A centaur (D:5)
  2 crimson imps
  2 bullfrog zombies (D:5)
  2 hounds
  2 jellies (D:5)
  4 orc wizards
  2 worker ants
  3 gnolls (D:3)
  3 adders
  A shadow imp (D:5)
  3 adder skeletons
  3 worms
  3 dart slugs
  3 leopard geckos
  12 orcs
  6 bats
  A giant cockroach (D:1)
  4 goblins (D:1)
  13 hobgoblins
  3 jackals
  8 kobolds
  7 quokkas
  6 frilled lizards
  A quokka zombie (D:5)
  6 rats
106 creatures vanquished.

Vanquished Creatures (collateral kills)
  An iguana (D:5)
1 creature vanquished.

Grand Total: 107 creatures vanquished

Notes
Turn   | Place    | Note
-------+----------+-------------------------------------------
     0 | D:1      | Mehrunes the Avariel Wizard began the quest for the Orb.
     0 | D:1      | Reached XP level 1. HP: 10/10 MP: 7/7
   163 | D:1      | Reached XP level 2. HP: 15/15 MP: 7/9
   245 | D:1      | Reached skill level 5 in Spellcasting
   685 | D:1      | Reached XP level 3. HP: 19/19 MP: 9/11
   888 | D:1      | Learned a level 3 spell: Conjure Flame
   892 | D:1      | Learned a level 3 spell: Mephitic Cloud
  1235 | D:2      | Found a faded altar of an unknown god.
  1545 | D:2      | Found a bloodstained altar of Trog.
  1545 | D:2      | Found a glowing golden altar of the Shining One.
  1976 | D:3      | Reached XP level 4. HP: 24/24 MP: 10/13
  2304 | D:3      | Reached skill level 5 in Conjurations
  2513 | D:3      | Noticed Sigmund
  2548 | D:2      | Reached XP level 5. HP: 24/28 MP: 4/14
  2844 | D:3      | Reached skill level 1 in Fighting
  3474 | D:3      | Reached skill level 2 in Fighting
  3474 | D:3      | Reached XP level 6. HP: 21/36 MP: 11/15
  3600 | D:3      | Killed Sigmund
  3601 | D:3      | Reached skill level 3 in Fighting
  3788 | D:4      | Reached skill level 4 in Fighting
  3788 | D:4      | Reached XP level 7. HP: 44/44 MP: 7/16
  4158 | D:4      | Reached skill level 5 in Fighting
  4218 | D:4      | Found a snail-covered altar of Cheibriados.
  4418 | D:5      | Entered Level 5 of the Dungeon
  4439 | D:5      | Noticed Blork the orc
  4647 | D:5      | Learned a level 2 spell: Blink
  4650 | D:5      | Learned a level 2 spell: Call Imp
  4942 | D:5      | Reached skill level 6 in Fighting
  4978 | D:5      | Reached XP level 8. HP: 38/51 MP: 10/17
  5297 | D:5      | Found a staircase to the Ecumenical Temple.
  5389 | Temple   | Entered the Ecumenical Temple
  5395 | Temple   | Became a worshipper of Sif Muna the Loreminder
  5853 | D:5      | Killed Blork the orc
  5952 | D:5      | Reached skill level 7 in Fighting
  6153 | D:5      | Noticed a hippogriff
  6157 | D:5      | Killed a hippogriff
  6158 | D:5      | Slain by an acid dragon

Skill      XL: |  1  2  3  4  5  6  7  8 |
---------------+-------------------------+-----
Spellcasting   | 5 |  5.0
Conjurations   | 2 3 5 6 |  6.0
Fighting       | 2 4 6 7 |  7.1
Summonings     | 3 |  3.0
Dodging        | 3 |  3.3
Stealth        | |  2.1
Translocations | |  0.8

Action                   |  1- 3 |  4- 6 |  7- 9 || total
-------------------------+-------+-------+-------++-------
Melee: Dagger            |       |     2 |     7 ||     9
 Cast: Magic Dart        |   113 |   106 |   107 ||   326
       Conjure Flame     |     1 |     6 |     1 ||     8
       Mephitic Cloud    |       |     1 |     2 ||     3
       Call Imp          |       |       |     4 ||     4
Invok: Divine Energy     |       |       |     1 ||     1
Evoke: Wand              |       |       |     5 ||     5
  Use: Potion            |       |     3 |       ||     3
  Eat: Chunk             |     5 |     8 |     5 ||    18
       Ration            |       |       |     1 ||     1
Armor: Robe              |     5 |     2 |    13 ||    20
Dodge: Dodged            |    11 |    13 |    38 ||    62
